 Dungeon Crawl Stone Soup version 0.31-a0-188-g5e087ee2ca (webtiles) character file.

Game seed: 3054204074518861831

478 qw the Skirmisher (level 6, -3/36 HPs)
             Began as a Deep Elf Hunter on June 22, 2023.
             Was an Initiate of Okawaru.
             Slain by an ogre
             ... wielding a +0 giant spiked club
              (4 damage)
             ... on level 5 of the Dungeon.
             The game lasted 00:01:12 (3696 turns).

qw the Skirmisher (Deep Elf Hunter)                 Turns: 3696, Time: 00:01:13

Health: -3/36      AC:  7    Str: 10    XL:     6   Next: 85%
Magic:  8/8        EV: 12    Int: 14    God:    Okawaru [......]
Gold:   215        SH:  0    Dex: 24    Spells: 5/5 levels left

rFire   . . .        Y - +2 shortbow
rCold   . . .        (shield currently unavailable)
rNeg    . . .        d - +0 ring mail
rPois   .            (no helmet)
rElec   .            (no cloak)
rCorr   .            c - +0 pair of gloves
SInv    .            l - +0 pair of boots
Will    .....        (no amulet)
Stlth   ++           h - +6 ring of dexterity
HPRegen 0.26/turn    e - +4 ring of slaying {mikee}
MPRegen 0.11/turn

%: no passive effects
@: about to teleport
A: no striking features
a: Renounce Religion


You were on level 5 of the Dungeon.
You worshipped Okawaru.
Okawaru was noncommittal.
You visited 2 branches of the dungeon, and saw 6 of its levels.

You collected 215 gold pieces.


   Skills:
 - Level 2.6 Fighting
 - Level 10.1 Ranged Weapons
 + Level 0.0 Armour
 - Level 3.0 Dodging
 - Level 1.2 Stealth


You had 5 spell levels left.
You didn't know any spells.
Your spell library was empty.

Inventory:

Hand Weapons
 Y - a +2 shortbow (weapon)
Armour
 c - a +0 pair of gloves (worn)
 d - a +0 ring mail (worn)
 l - a +0 pair of boots (worn)
Jewellery
 e - a +4 ring of slaying (right hand) {mikee}
 f - a ring of magical power
 h - a +6 ring of dexterity (left hand)
Scrolls
 i - 2 scrolls of identify
 k - a scroll of teleportation
Potions
 a - a potion of magic
 b - a potion of might
 g - 4 potions of curing
 j - a potion of ambrosia {unknown}
 m - a potion of lignification {unknown}
 n - a potion of brilliance {unknown}

Dungeon Overview and Level Annotations

Branches:
Dungeon (5/15)             Temple (1/1) D:4

Altars:
Ashenzari
Dithmenos
Elyvilon
Fedhas
Gozag
Kikubaaqudgha
Makhleb
Nemelex Xobeh
Okawaru
Qazlal
Sif Muna
Trog
Xom
Yredelemnul
The Shining One

Shops:
D:1 !


Message History

Enter note:
Enter note:
Enter note:
Enter note:
Enter note:
Enter note: An ogre comes into view. It is wielding a +0 giant spiked club.
The ogre shouts!
Enter note:
Enter note:
Enter note:
Enter note:
Enter note:
Enter note:
Enter note:
Enter note:
Enter note:
Enter note:
Enter note:
Enter note:
Enter note:
Enter note:
Enter note: An ogre is nearby!
3688 ||| UPGRADING to +0 pair of boots.
You start putting on your armour.
You continue putting on your +0 pair of boots. x4
You finish putting on your +0 pair of boots.
You shoot an arrow. The arrow closely misses the ogre.
The ogre hits you with a +0 giant spiked club!
You shoot an arrow. The arrow barely misses the ogre.
You shoot an arrow. The arrow hits the ogre!
The ogre is heavily wounded.
The ogre hits you with a +0 giant spiked club!!
Ouch! That really hurt!
3696 ||| READING 2 scrolls of teleportation.
As you read the scroll of teleportation, it crumbles to dust.
You feel strangely unstable.
The ogre hits you with a +0 giant spiked club.
You die...

.........# #.##
##..##.... ..#####..#
##.# ##......###. .##
#..# #.###......## .#
#.# #..#...##.## .##
.# #.........# # ..##
..####.#####...# #.
...#######.......#
###.### ##..
#................##
#...###....
...##...(.......@.#
##........## ...#
##......###O#
#........## ...##
...##.#}#.#
##......### # ....#
.## #.###.#
#.........### #...#
#................%...
#...##
#...####.....#.......
#....#. #..#
#....##....#..
....... #.. .....
#....#.. .......
..... #....#..


You could see an ogre.

Vanquished Creatures
  2 ogres
  2 orc priests (D:4)
  2 hounds
  An orc wizard (D:5)
  4 gnolls (D:4)
  5 adders
  2 ufetubi
  4 dart slugs
  7 orcs
  3 endoplasms
  4 giant cockroaches
  4 goblins
  6 hobgoblins
  4 jackals (D:1)
  A quokka (D:4)
  4 ball pythons
  3 bats
  4 frilled lizards
  4 kobolds
  5 rats
71 creatures vanquished.

Notes
Turn   | Place    | Note
-------+----------+-------------------------------------------
     0 | D:1      | qw the Deep Elf Hunter began the quest for the Orb.
     0 | D:1      | Reached XP level 1. HP: 12/12 MP: 3/3
     0 | D:1      | 0 ||| qw: Version: 0.3-a-9-g12657ce
     0 | D:1      | 0 ||| qw: Game counter: 2805
     0 | D:1      | 0 ||| qw: Always use a shield: true
     0 | D:1      | 0 ||| qw: God list: Okawaru
     0 | D:1      | 0 ||| qw: Allow faded altars: false
     0 | D:1      | 0 ||| qw: Do Orc after D:15 true
     0 | D:1      | 0 ||| qw: Do second Lair branch before Depths: true
     0 | D:1      | 0 ||| qw: Lair rune preference: random
     0 | D:1      | 0 ||| qw: Plans: Normal
     0 | D:1      | 0 ||| PLANNING D:1-11
   150 | D:1      | 150 ||| UPGRADING to +0 ring mail.
   161 | D:1      | 161 ||| DROPPING +0 leather armour.
   283 | D:1      | Reached skill level 6 in Ranged Weapons
   283 | D:1      | Reached XP level 2. HP: 16/16 MP: 4/4
   326 | D:1      | 326 ||| FLEEEEING.
   327 | D:1      | 327 ||| FLEEEEING.
   328 | D:1      | 328 ||| FLEEEEING.
   536 | D:1      | Found a faded altar of an unknown god.
   662 | D:1      | Found Nicsiqe's Distillery.
   665 | D:1      | 665 ||| SHOPLISTING potion of curing (30 gold, have 0).
   665 | D:1      | 665 ||| SHOPLISTING potion of enlightenment (50 gold, have
                  | 0).
   665 | D:1      | 665 ||| SHOPLISTING potion of heal wounds (50 gold, have
                  | 0).
   733 | D:1      | 733 ||| UPGRADING to +6 ring of dexterity.
   734 | D:1      | 734 ||| READING 2 scrolls labelled DIUTYXT CUNIQE.
   737 | D:1      | 737 ||| READING scroll labelled FEXORO YNTUPN.
   738 | D:1      | 738 ||| READING scroll labelled CAUCU OKUCH.
   739 | D:1      | 739 ||| READING scroll labelled SEYHIMOUNG.
   740 | D:1      | 740 ||| DROPPING scroll of butterflies.
   885 | D:2      | Identified the +9 chain mail "Qiblir" {rCorr Dex+2}
   906 | D:2      | HP: 3/16 [poisoned by an adder]
   907 | D:2      | 907 ||| READING scroll of teleportation.
   908 | D:2      | HP: 1/16 [poisoned by an adder]
   909 | D:2      | Reached XP level 3. HP: 2/20 MP: 5/5
  1284 | D:2      | 1284 ||| UPGRADING to +0 pair of gloves.
  1289 | D:2      | 1289 ||| READING scroll labelled YGOBEY JOEZAOGICYPH.
  1390 | D:2      | 1390 ||| READING 2 scrolls labelled JIODDEJ KUYF.
  1428 | D:2      | 1428 ||| READING scroll labelled PALEBA SANUCH.
  1429 | D:2      | 1429 ||| DRINKING 2 pink potions.
  1430 | D:2      | 1430 ||| READING 3 scrolls of identify.
  1430 | D:2      | 1430 ||| IDENTIFYING glowing orange potion
  1431 | D:2      | 1431 ||| READING 2 scrolls of identify.
  1431 | D:2      | 1431 ||| IDENTIFYING dark potion
  1432 | D:2      | 1432 ||| DROPPING scroll of torment.
  1433 | D:2      | 1433 ||| DROPPING potion of magic.
  1600 | D:3      | Reached skill level 7 in Ranged Weapons
  1650 | D:3      | Reached XP level 4. HP: 25/25 MP: 6/6
  2293 | D:3      | 2293 ||| UPGRADING to +4 ring of slaying {mikee}.
  2294 | D:3      | 2294 ||| DROPPING ring of ice.
  2295 | D:3      | 2295 ||| READING 2 scrolls labelled DEH XAOCUMOCH.
  2296 | D:3      | 2296 ||| READING scroll of enchant weapon.
  2296 | D:3      | 2296 ||| ENCHANTING +1 shortbow.
  2297 | D:3      | 2297 ||| READING scroll labelled JILUIGR TIRIOC.
  2298 | D:3      | 2298 ||| READING scroll labelled TIOGIW GUIWU.
  2299 | D:3      | 2299 ||| READING scroll labelled BUVI MAKUEDUPSACEKK.
  2301 | D:3      | 2301 ||| Stepping ~*~*~tactically~*~*~ (cloud).
  2396 | D:4      | HP: 6/25 [quokka (3)]
  2397 | D:4      | 2397 ||| DRINKING potion of heal wounds.
  2400 | D:4      | Reached skill level 8 in Ranged Weapons
  2615 | D:4      | Reached skill level 3 in Dodging
  2669 | D:4      | Reached XP level 5. HP: 29/29 MP: 7/7
  2719 | D:4      | Reached skill level 9 in Ranged Weapons
  2781 | D:4      | Found a staircase to the Ecumenical Temple.
  2782 | D:4      | 2782 ||| PLANNING TEMPLE
  2786 | Temple   | Entered the Ecumenical Temple
  2787 | Temple   | 2787 ||| PLANNING OKAWARU WORSHIP
  2825 | Temple   | Became a worshipper of Warmaster Okawaru
  2826 | Temple   | 2826 ||| PLANNING D:1-11
  3079 | D:4      | Noticed an ogre
  3084 | D:4      | Killed an ogre
  3085 | D:4      | Reached XP level 6. HP: 36/36 MP: 8/8
  3120 | D:4      | 3120 ||| READING 2 scrolls of identify.
  3120 | D:4      | 3120 ||| IDENTIFYING emerald potion
  3133 | D:5      | Entered Level 5 of the Dungeon
  3626 | D:5      | Reached skill level 10 in Ranged Weapons
  3688 | D:5      | 3688 ||| UPGRADING to +0 pair of boots.
  3695 | D:5      | HP: 1/36 [ogre/+0 giant spiked club (21)]
  3696 | D:5      | 3696 ||| READING 2 scrolls of teleportation.
  3696 | D:5      | Slain by an ogre

Levels and vault maps discovered:
D:1:      minmay_arrival_stone_box, layout_loops_ring,
          chequers_ecumenical_altar_lobes, serial_shops,
          nicolae_shop_window_shopping, serial_park_tiny_pond
D:2:      layout_basic
D:3:      layout_basic, kennysheep_generic_room_2
D:4:      layout_loops_cross, temple_statues
D:5:      layout_layer_cave, feat_on_display
Temple:   hellmonk_temple_of_storms

Skill      XL: |  1  2  3  4  5  6 |
---------------+-------------------+-----
Ranged Weapons | 6 7 8 9 10 | 10.1
Dodging        | 3 |  3.0
Fighting       | 2 |  2.6
Stealth        | |  1.2

Action                     |  1- 3 |  4- 6 || total
---------------------------+-------+-------++-------
   Fire: Shortbow          |    80 |    99 ||   179
    Use: Scroll            |    10 |     7 ||    17
         Potion            |     1 |     1 ||     2
 Armour: Leather armour    |     1 |       ||     1
         Ring mail         |     9 |    12 ||    21
  Dodge: Dodged            |    14 |    25 ||    39

Table legend:
 A = Non-vault XP
 B = Vault XP
 C = Vault XP percentage of total XP
 D = Non-vault monster count
 E = Vault monster count
 F = Vault count percentage of total count
                 A         B        C        D         E       F
            +---------+---------+-------+---------+---------+-------
      Total |     669 |      14 |   2.0 |      70 |       1 |   1.4
            +---------+---------+-------+---------+---------+-------
        D:1 |      29 |       0 |   0.0 |      15 |       0 |   0.0
        D:2 |      25 |       0 |   0.0 |       8 |       0 |   0.0
        D:3 |      49 |      14 |  22.2 |      16 |       1 |   5.9
        D:4 |     347 |       0 |   0.0 |      24 |       0 |   0.0
        D:5 |     219 |       0 |   0.0 |       7 |       0 |   0.0
            +---------+---------+-------+---------+---------+-------
